 Dungeon Crawl Stone Soup version 0.26-a0-259-g1effd001a9 (webtiles) character file.

Game seed: 6292269187169390589

280 Esekla the Skirmisher (level 6, -1/51 HPs)
             Began as a Formicid Abyssal Knight on July 12, 2020.
             Was a Believer of Lugonu.
             Slain by a centaur (5 damage)
             ... on level 5 of the Dungeon.
             The game lasted 00:14:23 (2317 turns).

Esekla the Skirmisher (Formicid Abyssal Knight)     Turns: 2317, Time: 00:14:23

Health: -1/51      AC:  5    Str: 16    XL:     6   Next: 52%
Magic:  8/8        EV: 11    Int: 14    God:    Lugonu [**....]
Gold:   245        SH:  0    Dex: 10    Spells: 5/5 levels left

rFire    . . .     SeeInvis +   a - +1 falchion
rCold    . . .     Faith    .   (no shield)
rNeg     . . .     Spirit   .   b - +0 leather armour
rPois    .         Reflect  .   (helmet unavailable)
rElec    .         Harm     .   (no cloak)
rCorr    .                      (no gloves)
MR       .....                  e - +1 pair of boots
Stlth    +.........             (no amulet)
HPRegen  0.17/turn              (no ring)
MPRegen  0.11/turn              (no ring)

@: no status effects
A: permanent stasis, dig shafts and tunnels, four strong arms, antennae 3
a: Dig, Shaft Self, Depart the Abyss, Bend Space, Renounce Religion


You were on level 5 of the Dungeon.
You worshipped Lugonu.
Lugonu was pleased with you.
You were not hungry.

You visited 2 branches of the dungeon, and saw 6 of its levels.
You visited the Abyss 1 time.

You collected 245 gold pieces.

Inventory:

Hand Weapons
 a - a +1 falchion (weapon)
Missiles
 g - a javelin (quivered)
 m - 3 silver javelins
Armour
 b - a +0 leather armour (worn)
 e - a +1 pair of boots (worn)
Scrolls
 d - 2 scrolls of teleportation {unknown}
 f - 4 scrolls of identify {unknown}
 h - a scroll of enchant armour {unknown}
 l - a scroll of remove curse {unknown}
 o - 3 scrolls of amnesia {unknown}
Potions
 i - a potion of might {unknown}
 j - a potion of curing {unknown}
 k - a potion of heal wounds {unknown}
 n - a potion of ambrosia {unknown}


   Skills:
 + Level 5.4 Fighting
 + Level 3.9 Long Blades
 + Level 3.1 Armour
 + Level 1.3 Dodging
 + Level 0.3 Stealth
 * Level 3.1 Invocations


You had 5 spell levels left.
You didn't know any spells.
Your spell library was empty.

Dungeon Overview and Level Annotations

Branches:
Dungeon (5/15)             Temple (1/1) D:4

Altars:
Ru


Innate Abilities, Weirdness & Mutations

You cannot be hasted, slowed, berserked, paralysed or teleported.
You can dig through walls and to a lower floor.
Your four strong arms can wield two-handed weapons with a shield.
You have a pair of large antennae on your head. (SInv)


Message History

The centaur is moderately wounded.
The centaur barely misses you.
You riposte.
You hit the centaur but do no damage.
The centaur is moderately wounded.
You hit the centaur.
The centaur is moderately wounded.
The centaur hits you but does no damage.
The centaur hits you.
* * * LOW HITPOINT WARNING * * *
You barely miss the centaur.
The centaur is moderately wounded.
The centaur barely misses you.
You riposte.
You hit the centaur.
The centaur is heavily wounded.
The centaur closely misses you.
You riposte.
You hit the centaur but do no damage.
The centaur is heavily wounded.
You hit the centaur.
The centaur is severely wounded.
The centaur hits you.
You die...

#(# .# ......
#.##.# #.##.#
#.##.# #o##.#
####c##.####
#<##.@.....#
####.#####.####
#....# #.#
#.#### #.#
#.########.#
#..........#
##########.#
###


You could see a centaur and an orc.

Vanquished Creatures
  2 bullfrogs
  A hound (D:4)
  A bullfrog skeleton (D:3)
  5 adders
  A worm (D:3)
  A dart slug (D:1)
  3 leopard geckos
  7 bats
  2 giant cockroaches
  4 goblins
  5 hobgoblins (D:1)
  6 jackals
  A ball python (D:2)
  2 frilled lizards (D:2)
  4 kobolds
  6 rats
  A toadstool (D:4)
52 creatures vanquished.

Vanquished Creatures (others)
  3 toadstools (D:4)
3 creatures vanquished.

Grand Total: 55 creatures vanquished

Notes
Turn   | Place    | Note
-------+----------+-------------------------------------------
     0 | Abyss:1  | Esekla the Formicid Abyssal Knight began the quest for the
                  | Orb.
     0 | Abyss:1  | Reached XP level 1. HP: 18/18 MP: 2/2
     7 | Abyss:1  | Found a corrupted altar of Lugonu.
    50 | Abyss:2  | Found a viscous altar of Jiyva.
    76 | Abyss:2  | Noticed a ynoxinul
    87 | Abyss:2  | Noticed a hellwing
    88 | D:1      | Escaped the Abyss
   169 | D:1      | Reached XP level 2. HP: 19/24 MP: 3/3
   326 | D:2      | Noticed a bullfrog
   336 | D:2      | Killed a bullfrog
   336 | D:2      | Reached skill level 4 in Fighting
   336 | D:2      | Reached XP level 3. HP: 23/31 MP: 3/5
   336 | D:2      | Reached XP level 4. HP: 29/38 MP: 3/6
   339 | D:2      | Reached * piety under Lugonu
   469 | D:2      | Reached skill level 5 in Fighting
   567 | D:2      | Reached XP level 5. HP: 40/44 MP: 7/7
   662 | D:1      | Reached skill level 1 in Dodging
   895 | D:1      | You fall into a shaft and drop 1 floor!
   927 | D:3      | Reached ** piety under Lugonu
  1254 | D:4      | Reached XP level 6. HP: 29/51 MP: 8/8
  1267 | D:4      | Found a sacrificial altar of Ru.
  1749 | D:4      | Found a staircase to the Ecumenical Temple.
  1765 | Temple   | Entered the Ecumenical Temple
  2076 | D:5      | Entered Level 5 of the Dungeon
  2317 | D:5      | Slain by a centaur

Illustrated notes

Levels and vault maps discovered:
D:1:      minmay_arrival_cross, layout_loops_ring
D:2:      layout_basic
D:3:      layout_loops_corners
D:4:      layout_loops_corners, hangedman_ru_absence,
          kennysheep_okawaru_gauntlet, temple_pool_b, minmay_gold_behind_fungi
D:5:      layout_basic, nicolae_qazlal_eye_of_the_storm, first_ration,
          guppyfry_early_orc_mine, uniq_sigmund, uniq_edmund
Temple:   regret_index_temple_generic_petals

Skill      XL: |  1  2  3  4  5  6 |
---------------+-------------------+-----
Fighting       | 4 5 |  5.4
Dodging        | 1 |  1.3
Long Blades    | 3 |  3.9
Armour         | 3 |  3.1
Invocations    | 3 |  3.1
Stealth        | |  0.3

Action                   |  1- 3 |  4- 6 || total
-------------------------+-------+-------++-------
Melee: Falchion          |    13 |   202 ||   215
Throw: Javelin           |       |     1 ||     1
Invok: Depart the Abyss  |     1 |       ||     1
  Eat: Ration            |       |     2 ||     2
Armor: Leather armour    |     2 |    75 ||    77
Dodge: Dodged            |     8 |   112 ||   120
       Rpst.: Falchion   |     3 |    34 ||    37

Table legend:
 A = Non-vault XP
 B = Vault XP
 C = Vault XP percentage of total XP
 D = Non-vault monster count
 E = Vault monster count
 F = Vault count percentage of total count
                 A         B        C        D         E       F
            +---------+---------+-------+---------+---------+-------
      Total |     400 |       0 |   0.0 |      51 |       0 |   0.0
            +---------+---------+-------+---------+---------+-------
        D:1 |      37 |       0 |   0.0 |      20 |       0 |   0.0
        D:2 |     130 |       0 |   0.0 |      15 |       0 |   0.0
        D:3 |      59 |       0 |   0.0 |       8 |       0 |   0.0
        D:4 |     161 |       0 |   0.0 |       7 |       0 |   0.0
        D:5 |      13 |       0 |   0.0 |       1 |       0 |   0.0
            +---------+---------+-------+---------+---------+-------
